 Dungeon Crawl Stone Soup version 0.28-a0-769-g550dbda0cd (webtiles) character file.

Game seed: 10122758552313788450

164 timneilson the Covered (level 5, 0/33 HPs)
             Began as a Gargoyle Fighter on Oct 31, 2021.
             Slain by a kobold brigand (5 damage)
             ... in a sewer.
             The game lasted 00:04:28 (2874 turns).

timneilson the Covered (Gargoyle Fighter)           Turns: 2874, Time: 00:04:28

Health: 0/33       AC: 13    Str: 20    XL:     5   Next: 45%
Magic:  5/5        EV: 10    Int:  9    God:
Gold:   90         SH:  5    Dex: 12    Spells: 4/4 levels left

rFire   . . .      SeeInvis .   a - +0 long sword
rCold   . . .      Faith    .   c - +0 buckler
rNeg    + . .      Spirit   .   b - +0 scale mail
rPois   ∞          Reflect  .   (no helmet)
rElec   +          Harm     .   (no cloak)
rCorr   .          Rampage  .   g - +1 pair of gloves {Dex+3}
Will    .....                   (no boots)
Stlth   ..........              (no amulet)
HPRegen 0.11/turn               (no ring)
MPRegen 0.09/turn               (no ring)

@: no status effects
A: sickness immunity, AC +4, negative energy resistance 1, electricity
resistance, torment resistance 1, petrification resistance
a: no special abilities


You were in a sewer.
You visited 1 branch of the dungeon, and saw 3 of its levels.
You also visited: Sewer.

You collected 90 gold pieces.

Inventory:

Hand Weapons
 a - a +0 long sword (weapon)
Armour
 b - a +0 scale mail (worn)
 c - a +0 buckler (worn)
 g - a +1 pair of gloves of dexterity (worn)
Scrolls
 f - 4 scrolls of identify
 h - a scroll of amnesia {unknown}
Potions
 d - 2 potions of might
 e - a potion of magic


   Skills:
 + Level 3.7 Fighting
 * Level 2.9 Long Blades
 * Level 4.4 Armour
 + Level 1.0 Dodging
 * Level 4.3 Shields


You had 4 spell levels left.
You didn't know any spells.
Your spell library contained the following spells:

 Spells                   Type           Power      Damage    Failure   Level
 Sandblast                Erth           0%         2d4       73%         1
 Passwall                 Tmut/Erth      0%         N/A       86%         2
 Stone Arrow              Conj/Erth      0%         3d7       97%         3


Dungeon Overview and Level Annotations

Branches:
Dungeon (3/15)              Sewer (1/1)

Altars:
Ru

Shops:
D:3 !


Innate Abilities, Weirdness & Mutations

You are immune to sickness and miasma.
Your stone body is resilient. (AC +4)
You are immune to poison.
You resist negative energy. (rN+)
You are resistant to electric shocks. (rElec)
You are resistant to unholy torment.
You are immune to petrification.


Message History

The kobold brigand closely misses you.
You hit the kobold brigand.
The kobold brigand is heavily wounded.
The kobold brigand closely misses you.
You barely miss the kobold brigand.
The kobold brigand is heavily wounded.
You block the kobold brigand's attack.
You closely miss the kobold brigand.
The kobold brigand is heavily wounded.
You block the kobold brigand's attack.
You hit the kobold brigand.
The kobold brigand is severely wounded.
The kobold brigand hits you but does no damage. x2
You closely miss the kobold brigand.
The kobold brigand is severely wounded.
The kobold brigand splashes around in the water.
You hit the kobold brigand but do no damage.
The kobold brigand is severely wounded.
The kobold brigand hits you but does no damage.
You hit the kobold brigand.
The kobold brigand is almost dead.
The kobold brigand closely misses you.
You barely miss the kobold brigand.
The kobold brigand is almost dead.
The kobold brigand splashes around in the water.
You barely miss the kobold brigand.
The kobold brigand is almost dead.
The kobold brigand hits you but does no damage.
The kobold brigand barely misses you.
You barely miss the kobold brigand.
The kobold brigand is almost dead.
The kobold brigand hits you with a +0 whip of electrocution!
* * * LOW HITPOINT WARNING * * *
You closely miss the kobold brigand.
The kobold brigand is almost dead.
The kobold brigand splashes around in the water.
You hit the kobold brigand but do no damage.
The kobold brigand is almost dead.
The kobold brigand hits you with a +0 whip of electrocution.
You die...

#≈#≈#≈ ≈#
#≈#†#≈#≈#
#≈≈≈#≈≈≈
##≈###.# #≈#
#≈# #≈###≈#
#.≈≈≈≈# ##≈K≈##
#.≈@# #≈≈≈# ..
#.≈.## #≈≈
#.≈..## #.≈≈
#≈≈≈≈.#####≈≈≈≈
##≈≈≈≈.≈.≈≈≈≈..
###≈..≈≈≈≈≈.#
##.≈.≈...## .
##≈..≈≈.≈##


You could see a kobold brigand.

Vanquished Creatures
  An orc wizard (D:3)
  4 adders
  5 worms
  4 dart slugs
  4 orcs (D:3)
  6 ball pythons
  7 endoplasms
  4 giant cockroaches
  5 goblins
  A hobgoblin (D:3)
  7 jackals
  7 kobolds
  6 quokkas
  3 bats
  3 frilled lizards
  5 rats
72 creatures vanquished.

Notes
Turn   | Place    | Note
-------+----------+-------------------------------------------
     0 | D:1      | timneilson the Gargoyle Fighter began the quest for the
                  | Orb.
     0 | D:1      | Reached XP level 1. HP: 14/14 MP: 1/1
   322 | D:1      | Reached XP level 2. HP: 19/19 MP: 2/2
   905 | D:1      | Reached XP level 3. HP: 23/23 MP: 3/3
  1172 | D:1      | Found a faded altar of an unknown god.
  1581 | D:2      | Reached XP level 4. HP: 28/28 MP: 4/4
  1822 | D:2      | Found a sacrificial altar of Ru.
  2477 | D:3      | Reached XP level 5. HP: 30/33 MP: 5/5
  2629 | D:3      | Found Moifurinive's Distillery.
  2709 | D:3      | Found a glowing drain.
  2737 | Sewer    | Entered a sewer
  2837 | Sewer    | Noticed a kobold brigand
  2856 | Sewer    | Reached skill level 1 in Dodging
  2874 | Sewer    | Slain by a kobold brigand

Illustrated notes

Levels and vault maps discovered:
D:1:      amcnicky_arrival_choice, layout_basic, shapermc_ecumenical_altar_venn,
          serial_park_tiny_pond
D:2:      layout_loops_corners, basic_altar
D:3:      layout_rooms, cheibrodos_sewer_entry_bend, serial_shops,
          nicolae_shop_stone
Sewer:    sewer_co_tree

Skill      XL: |  1  2  3  4  5 |
---------------+----------------+-----
Long Blades    | 2 |  2.9
Armour         | 4 |  4.4
Shields        | 4 |  4.3
Dodging        | 1 |  1.0
Fighting       | |  3.7

Action                   |  1- 3 |  4- 6 || total
-------------------------+-------+-------++-------
Melee: Long sword        |   122 |   160 ||   282
  Use: Scroll            |     3 |     2 ||     5
       Potion            |       |     1 ||     1
Armor: Scale mail        |    54 |    84 ||   138
Dodge: Dodged            |    64 |    70 ||   134
Block: Buckler           |    27 |    36 ||    63

Table legend: (Time is in decaauts)
 A = Elapsed time spent in this place.
 B = Non-inter-level travel time spent in this place.
 C = Inter-level travel time spent in this place.
 D = Time resting spent in this place.
 E = Time spent auto-exploring this place.
 F = Levels seen in this place.
 G = Mean time per level.
                   A        B        C        D        E       F      G
               +--------+--------+--------+--------+--------+-----+--------+
         Total |   2968 |   2900 |     68 |     43 |   2076 |   4 |  742.0 |
       Dungeon |   2808 |   2740 |     68 |     43 |   1984 |   3 |  936.0 |
         Sewer |    160 |    160 |      0 |      0 |     92 |   1 |  160.0 |
               +--------+--------+--------+--------+--------+-----+--------+

Top non-repeatable levels by time:
     D:1: 1524 daAuts
     D:2: 970 daAuts
     D:3: 313 daAuts
   Sewer: 160 daAuts
